Sasquatch vs Mustangs
Created - March 19, 2019 at 19:45
Goals
|
| Sasquatch |
0 |
0 |
1 |
1 |
| Mustangs |
2 |
1 |
1 |
4 |
|
Shots
|
| Sasquatch |
10 |
9 |
8 |
27 |
| Mustangs |
10 |
14 |
12 |
36 |
|
1st period
1. Mustangs , Josh Jooris 14 (Derek Joslin 31, Joshua Leivo 19) at 8:28
2. Mustangs , JT Compher 16 (Stefan Matteau 13) at 13:32
Penalties :
Ben Harpur (Ham) for High sticking (Minor) at 16:35, Dougie Hamilton (Gat) for Holding (Minor) at 19:00
2nd period
3. Mustangs , Melker Karlsson 32 (Teuvo Teravainen 38, Andrew Shaw 44) at 14:58
Penalties :
Matt Halischuk (Gat) for Hooking (Minor) at 3:54, Drew Shore (Gat) for Hooking (Minor) at 8:20, Michael McCarron (Ham) for Tripping (Minor) at 16:52
3rd period
4. Mustangs , Jerome Samson 14 (Alexei Marchenko 25) at 6:37
5. Sasquatch , Dougie Hamilton 18 (Drew Shore 52) at 12:36 (PP)
Penalties :
Melker Karlsson (Ham) for Hooking (Minor) at 12:27, Stefan Matteau (Ham) for High sticking (Minor) at 17:47
Goalie Stats
Joonas Korpisalo (Gat), 32 saves from 36 shots - (0.889), L, 20-12-2, 60:00 minutes
Chet Pickard (Ham), 26 saves from 27 shots - (0.963), W, 27-12-5, 60:00 minutes
Players Stats for Sasquatch
Player Name G A P +/- PIM S H SB GA TA FO MP PP MP PK MP
------------------------------------------------------------------------------------
Brett Pesce 0 0 0 -1 0 1 0 2 0 1 0/0 13:28 0:00 1:16
Brock Trotter 0 0 0 -1 0 1 1 0 0 1 0/0 13:46 2:53 0:47
David Desharnais 0 0 0 0 0 2 1 0 0 0 2/3 7:44 0:00 0:00
Devin Shore 0 0 0 -1 0 1 1 0 0 0 2/2 13:28 2:53 0:27
Dougie Hamilton 1 0 1 -1 2 2 2 4 0 2 0/0 26:05 3:34 2:27
Drew Shore 0 1 1 -1 2 2 2 0 0 1 15/37 22:43 3:09 2:50
Jesper Fast 0 0 0 -1 0 5 1 0 0 0 0/1 19:45 3:10 0:00
Josh Morrissey 0 0 0 -1 0 1 1 2 0 1 0/0 14:30 2:32 0:00
Martin Marincin 0 0 0 -2 0 0 3 2 0 0 0/0 17:58 0:00 2:14
Matt Halischuk 0 0 0 -2 2 4 4 0 0 1 0/1 15:39 2:53 0:00
Nicolas Deslauriers 0 0 0 0 0 2 0 0 0 0 0/3 12:13 0:04 3:46
Patrick Wey 0 0 0 -1 0 0 1 1 0 0 0/0 27:32 3:34 3:43
Petr Straka 0 0 0 -1 0 1 2 0 0 0 1/1 11:19 0:03 0:44
Ryan Dzingel 0 0 0 -1 0 2 1 0 1 2 0/0 19:53 3:09 0:16
Sergey Kalinin 0 0 0 -2 0 0 3 1 0 0 4/14 15:22 0:04 1:56
Slava Voynov 0 0 0 -2 0 0 0 0 1 0 0/0 20:43 2:32 2:14
Sven Andrighetto 0 0 0 0 0 0 0 0 0 0 0/0 7:44 0:00 0:00
Teemu Hartikainen 0 0 0 -2 0 3 3 1 0 0 0/1 14:08 0:00 1:08
Players Stats for Mustangs
Player Name G A P +/- PIM S H SB GA TA FO MP PP MP PK MP
------------------------------------------------------------------------------------
Alexei Marchenko 0 1 1 1 0 3 0 3 0 1 0/0 21:02 2:39 2:36
Andrew Shaw 0 1 1 1 0 4 3 0 1 0 2/4 20:52 2:55 1:27
Ben Harpur 0 0 0 1 2 0 1 0 0 0 0/0 11:16 0:00 0:00
Brady Skjei 0 0 0 2 0 7 1 0 0 0 0/0 27:45 3:18 3:30
Curtis Hamilton 0 0 0 0 0 0 0 1 0 0 0/1 8:54 0:00 0:00
Dakota Mermis 0 0 0 1 0 0 0 1 0 0 0/0 11:13 0:00 0:00
Damon Severson 0 0 0 1 0 1 0 0 0 0 0/0 21:02 2:39 2:36
Derek Joslin 0 1 1 2 0 3 0 4 0 0 0/0 27:45 3:18 3:30
Jerome Samson 1 0 1 2 0 2 1 0 1 0 0/0 10:04 0:00 0:00
Jim O'Brien 0 0 0 1 0 1 0 0 1 0 4/7 14:22 0:00 1:52
Josh Jooris 1 0 1 1 0 2 1 1 1 0 0/1 18:47 3:02 3:17
Joshua Leivo 0 1 1 1 0 1 0 0 0 1 0/0 16:53 3:02 1:22
JT Compher 1 0 1 2 0 1 0 1 0 0 1/1 10:04 0:00 0:00
Max Gortz 0 0 0 0 0 0 0 1 1 0 0/0 8:54 0:00 0:00
Melker Karlsson 1 0 1 1 2 6 2 0 2 0 24/35 22:22 2:55 3:01
Michael McCarron 0 0 0 0 2 0 1 0 0 0 1/3 9:10 0:00 0:17
Stefan Matteau 0 1 1 2 2 3 2 1 2 0 4/7 14:04 3:02 0:56
Teuvo Teravainen 0 1 1 1 0 2 1 0 0 0 3/4 19:21 2:55 0:00
3 Stars
1 - Chet Pickard (Ham)
2 - Jerome Samson (Ham)
3 - JT Compher (Ham)
Power Play
Sasquatch - 1 on 4 Attempt(s) - 25.00%
Mustangs - 0 on 3 Attempt(s) - 0.00%
Penalty Kill
Sasquatch - 3 on 3 Attempt(s) - 100.00%
- Score 0 goal in Penalty Kill
Mustangs - 3 on 4 Attempt(s) - 75.00%
- Score 0 goal in Penalty Kill
Team Stat
Sasquatch - Hits : 26 - Faceoff Wins : 24 - Blocked Shots : 13 - Penalty Minutes : 6
Mustangs - Hits : 13 - Faceoff Wins : 39 - Blocked Shots : 13 - Penalty Minutes : 8
Official
Referees : Unknown
Linesman : Unknown
Game Notes
No Game Note
Finance
Level 1 -- Attendance: 1613 (80.65%) -- Ticket Income $64,520
Level 2 -- Attendance: 683 (68.30%) -- Ticket Income $13,660
Total Attendance: 2296 (76.53%)
Total Ticket Income: $78,180
Other Income: $3,909
Total Income: $82,089
Sasquatch
5 vs 5 Forward
Center Left Wing Right Wing Time % Phy DF OF
1 Drew Shore Ryan Dzingel Jesper Fast 40 1 2 2
2 Sergey Kalinin Teemu Hartikainen Matt Halischuk 30 1 2 2
3 Devin Shore Brock Trotter Petr Straka 20 1 2 2
4 David Desharnais Nicolas Deslauriers Sven Andrighetto 10 1 2 2
5 vs 5 Defense
Defense Defense Time % Phy DF OF
1 Patrick Wey Dougie Hamilton 40 1 2 2
2 Martin Marincin Slava Voynov 30 1 2 2
3 Josh Morrissey Brett Pesce 20 1 2 2
4 Patrick Wey Dougie Hamilton 10 1 2 2
PowerPlay Forward
Center Left Wing Right Wing Time % Phy DF OF
1 Drew Shore Ryan Dzingel Jesper Fast 60 1 2 2
2 Devin Shore Brock Trotter Matt Halischuk 40 1 2 2
PowerPlay Defense
Defense Defense Time % Phy DF OF
1 Patrick Wey Dougie Hamilton 60 1 2 2
2 Josh Morrissey Slava Voynov 40 1 2 2
Penalty Kill 4 Players Forward
Center Wing Time % Phy DF OF
1 Drew Shore Nicolas Deslauriers 60 1 2 2
2 Sergey Kalinin Teemu Hartikainen 40 1 2 2
Penalty Kill 4 Players Defense
Defense Defense Time % Phy DF OF
1 Patrick Wey Dougie Hamilton 60 1 2 2
2 Martin Marincin Slava Voynov 40 1 2 2
Penalty Kill - 3 Players Forward
Forward Time % Phy DF OF
1 Drew Shore 60 1 2 2
2 Sergey Kalinin 40 1 2 2
Penalty Kill - 3 Players Defense
Defense Defense Time % Phy DF OF
1 Patrick Wey Dougie Hamilton 60 1 2 2
2 Martin Marincin Slava Voynov 40 1 2 2
4 vs 4 Forward
Center Wing Time % Phy DF OF
1 Drew Shore Ryan Dzingel 60 1 2 2
2 David Desharnais Jesper Fast 40 1 2 2
4 vs 4 Defense
Defense Defense Time % Phy DF OF
1 Patrick Wey Dougie Hamilton 60 1 2 2
2 Martin Marincin Slava Voynov 40 1 2 2
Last Minutes Offensive
Center Left Wing Right Wing Defense Defense
Drew Shore Ryan Dzingel Matt Halischuk Patrick Wey Dougie Hamilton
Last Minutes Defensive
Center Left Wing Right Wing Defense Defense
Drew Shore Teemu Hartikainen Matt Halischuk Patrick Wey Dougie Hamilton
Goaltenders
Starting : Joonas Korpisalo
Backup : Corey Crawford
Extra Forwards
Normal : Sergey Kalinin, Devin Shore, Petr Straka - PP : Sergey Kalinin, Devin Shore - PK : Petr Straka
Extra Defensemen
Normal : Josh Morrissey, Brett Pesce, Martin Marincin - PP : Josh Morrissey - PK : Brett Pesce, Martin Marincin
Penalty Shots
Ryan Dzingel, Devin Shore, Matt Halischuk, Petr Straka, Brock Trotter
Scratches
T.J. Tynan (Healthy), Ty Rattie (Healthy), Andrew Campbell (Healthy), Cal Petersen (Healthy)
Mustangs
5 vs 5 Forward
Center Left Wing Right Wing Time % Phy DF OF
1 Melker Karlsson Teuvo Teravainen Andrew Shaw 40 1 2 2
2 Jim O'Brien Joshua Leivo Josh Jooris 30 1 2 2
3 Stefan Matteau JT Compher Jerome Samson 20 1 2 2
4 Michael McCarron Curtis Hamilton Max Gortz 10 1 2 2
5 vs 5 Defense
Defense Defense Time % Phy DF OF
1 Brady Skjei Derek Joslin 44 1 2 2
2 Alexei Marchenko Damon Severson 33 1 2 2
3 Ben Harpur Dakota Mermis 23 1 2 2
4 Brady Skjei Alexei Marchenko 0 1 2 2
PowerPlay Forward
Center Left Wing Right Wing Time % Phy DF OF
1 Melker Karlsson Teuvo Teravainen Andrew Shaw 60 1 2 2
2 Stefan Matteau Joshua Leivo Josh Jooris 40 1 2 2
PowerPlay Defense
Defense Defense Time % Phy DF OF
1 Brady Skjei Derek Joslin 60 1 2 2
2 Alexei Marchenko Damon Severson 40 1 2 2
Penalty Kill 4 Players Forward
Center Wing Time % Phy DF OF
1 Melker Karlsson Josh Jooris 60 1 2 2
2 Jim O'Brien Andrew Shaw 40 1 2 2
Penalty Kill 4 Players Defense
Defense Defense Time % Phy DF OF
1 Brady Skjei Derek Joslin 60 1 2 2
2 Alexei Marchenko Damon Severson 40 1 2 2
Penalty Kill - 3 Players Forward
Forward Time % Phy DF OF
1 Melker Karlsson 60 1 2 2
2 Jim O'Brien 40 1 2 2
Penalty Kill - 3 Players Defense
Defense Defense Time % Phy DF OF
1 Brady Skjei Derek Joslin 60 1 2 2
2 Alexei Marchenko Damon Severson 40 1 2 2
4 vs 4 Forward
Center Wing Time % Phy DF OF
1 Melker Karlsson Teuvo Teravainen 60 1 2 2
2 Stefan Matteau Josh Jooris 40 1 2 2
4 vs 4 Defense
Defense Defense Time % Phy DF OF
1 Brady Skjei Derek Joslin 60 1 2 2
2 Alexei Marchenko Damon Severson 40 1 2 2
Last Minutes Offensive
Center Left Wing Right Wing Defense Defense
Melker Karlsson Teuvo Teravainen Andrew Shaw Brady Skjei Derek Joslin
Last Minutes Defensive
Center Left Wing Right Wing Defense Defense
Melker Karlsson Teuvo Teravainen Andrew Shaw Brady Skjei Derek Joslin
Goaltenders
Starting : Chet Pickard
Backup : Joacim Eriksson
Extra Forwards
Normal : Melker Karlsson, Stefan Matteau, Jim O'Brien - PP : Teuvo Teravainen, Josh Jooris - PK : Melker Karlsson
Extra Defensemen
Normal : Brady Skjei, Alexei Marchenko, Ben Harpur - PP : Brady Skjei - PK : Derek Joslin, Alexei Marchenko
Penalty Shots
Melker Karlsson, Teuvo Teravainen, Josh Jooris, Joshua Leivo, Stefan Matteau
Scratches
Ryan Graves (Healthy), Scott Mayfield (Lacerated Right Calf Injury), Eric Knodel (Healthy), Matthew Finn (Healthy), Mark Pysyk (Broken Left Thumb Injury)
Pascal Dupuis (Healthy), Danny Biega (Healthy), Kurtis Gabriel (Healthy), Raphael Bussieres (Healthy), Sam Kurker (Healthy)
Riley Nash (Healthy), Francis Paré (Healthy), Anthony Stolarz (Healthy)
% Time on Ice - Sasquatch
Lines # - Real PCT - Wanted PCT - Time Play
Normal Forward
1 - 36% - 40% - 17:07
2 - 27% - 30% - 13:01
3 - 21% - 20% - 10:05
4 - 16% - 10% - 7:44
Normal Defense
1 - 40% - 40% - 18:57
2 - 33% - 30% - 15:57
3 - 25% - 20% - 11:45
4 - 3% - 10% - 1:18
PP Forward
1 - 53% - 60% - 3:13
2 - 47% - 40% - 2:53
PP Defense
1 - 58% - 60% - 3:34
2 - 42% - 40% - 2:32
PK Forward
1 - 81% - 60% - 4:49
2 - 19% - 40% - 1:08
PK Defense
1 - 62% - 60% - 3:43
2 - 38% - 40% - 2:14
PK3 Forward
1 - 0% - 60%
2 - 0% - 40%
PK3 Defense
1 - 0% - 60%
2 - 0% - 40%
44 Forward
1 - 0% - 60%
2 - 0% - 40%
44 Defense
1 - 0% - 60%
2 - 0% - 40%
Last Minute Offensive - 0:00
Last Minute Defensive - 0:00
Total
Forward - 60:00
Defense - 60:00
|
% Time on Ice - Mustangs
Lines # - Real PCT - Wanted PCT - Time Play
Normal Forward
1 - 34% - 40% - 16:27
2 - 26% - 30% - 12:32
3 - 21% - 20% - 10:04
4 - 19% - 10% - 8:54
Normal Defense
1 - 44% - 44% - 20:57
2 - 33% - 33% - 15:47
3 - 23% - 23% - 11:13
4 - 0% - 0% - 0:00
PP Forward
1 - 49% - 60% - 2:55
2 - 51% - 40% - 3:02
PP Defense
1 - 55% - 60% - 3:18
2 - 45% - 40% - 2:39
PK Forward
1 - 76% - 60% - 4:39
2 - 24% - 40% - 1:27
PK Defense
1 - 57% - 60% - 3:30
2 - 43% - 40% - 2:36
PK3 Forward
1 - 0% - 60%
2 - 0% - 40%
PK3 Defense
1 - 0% - 60%
2 - 0% - 40%
44 Forward
1 - 0% - 60%
2 - 0% - 40%
44 Defense
1 - 0% - 60%
2 - 0% - 40%
Last Minute Offensive - 0:00
Last Minute Defensive - 0:00
Total
Forward - 60:00
Defense - 60:00
|
Play-by-Play
1st period
0:01 of 1st period - Melker Karlsson wins face-off versus Drew Shore in neutral zone.
0:04 of 1st period - Patrick Wey is hit by Brady Skjei and loses puck.
1:17 of 1st period - Slapshot by Nicolas Deslauriers.
1:17 of 1st period - Deflect By Sven Andrighetto.
1:17 of 1st period - Shot Misses the Net.
1:17 of 1st period - Puck is out of play.
1:18 of 1st period - Drew Shore wins face-off versus Curtis Hamilton in Mustangs zone.
1:26 of 1st period - Icing by Dakota Mermis.
1:27 of 1st period - Drew Shore wins face-off versus Michael McCarron in Mustangs zone.
1:28 of 1st period - Wrist shot by Jesper Fast.
1:28 of 1st period - Stopped by Chet Pickard with a rebound.
1:58 of 1st period - Dakota Mermis is hit by Ryan Dzingel.
2:43 of 1st period - Snap shot by Drew Shore.
2:43 of 1st period - Shot Misses the Net.
2:45 of 1st period - Wrist shot by Jesper Fast.
2:45 of 1st period - Stopped by Chet Pickard with a rebound.
3:01 of 1st period - Snap shot by Jesper Fast.
3:01 of 1st period - Stopped by Chet Pickard without a rebound.
3:02 of 1st period - Melker Karlsson wins face-off versus Sergey Kalinin in Mustangs zone.
3:08 of 1st period - Off-side.
3:09 of 1st period - Melker Karlsson wins face-off versus Sergey Kalinin in neutral zone.
4:12 of 1st period - Icing by Derek Joslin.
4:13 of 1st period - Jim O'Brien wins face-off versus Sergey Kalinin in Mustangs zone.
4:22 of 1st period - Slapshot by Jim O'Brien.
4:22 of 1st period - Deflect By Sergey Kalinin.
4:22 of 1st period - Stopped by Joonas Korpisalo without a rebound.
4:23 of 1st period - Sergey Kalinin wins face-off versus Melker Karlsson in Sasquatch zone.
4:55 of 1st period - Slapshot by Jerome Samson.
4:55 of 1st period - Deflect By Dougie Hamilton.
4:55 of 1st period - Shot Blocked by Patrick Wey.
4:55 of 1st period - Puck is out of play.
4:56 of 1st period - David Desharnais wins face-off versus Melker Karlsson in Sasquatch zone.
4:56 of 1st period - David Desharnais is hit by Andrew Shaw.
5:08 of 1st period - Wrist shot by Teuvo Teravainen.
5:08 of 1st period - Shot Blocked by Martin Marincin.
5:10 of 1st period - Slapshot by Derek Joslin.
5:10 of 1st period - Deflect By Melker Karlsson.
5:10 of 1st period - Shot Misses the Net.
5:10 of 1st period - Puck is out of play.
5:11 of 1st period - JT Compher wins face-off versus Sergey Kalinin in Sasquatch zone.
5:12 of 1st period - Slapshot by Jerome Samson.
5:12 of 1st period - Stopped by Joonas Korpisalo with a rebound.
5:36 of 1st period - Damon Severson is hit by Jesper Fast and loses puck.
6:03 of 1st period - Wrist shot by Josh Jooris.
6:03 of 1st period - Shot Misses the Net.
6:43 of 1st period - Wrist shot by Jesper Fast.
6:43 of 1st period - Shot Misses the Net.
6:47 of 1st period - Wrist shot by Drew Shore.
6:47 of 1st period - Shot Misses the Net.
7:07 of 1st period - Slapshot by Melker Karlsson.
7:07 of 1st period - Stopped by Joonas Korpisalo with a rebound.
7:39 of 1st period - Icing by David Desharnais.
7:40 of 1st period - David Desharnais wins face-off versus Michael McCarron in Sasquatch zone.
8:26 of 1st period - Snap shot by Joshua Leivo.
8:26 of 1st period - Shot Misses the Net.
8:28 of 1st period - Slapshot by Derek Joslin.
8:28 of 1st period - Deflect By Josh Jooris.
8:28 of 1st period - Goal by Josh Jooris - Sasquatch : 0 - Mustangs : 1.
8:29 of 1st period - Melker Karlsson wins face-off versus Drew Shore in neutral zone.
8:32 of 1st period - Dougie Hamilton is hit by Melker Karlsson and loses puck.
9:01 of 1st period - Wrist shot by Jim O'Brien.
9:01 of 1st period - Shot Blocked by Teemu Hartikainen.
10:22 of 1st period - Slapshot by Matt Halischuk.
10:22 of 1st period - Shot Misses the Net.
10:24 of 1st period - Slapshot by Teemu Hartikainen.
10:24 of 1st period - Stopped by Chet Pickard with a rebound.
10:26 of 1st period - Snap shot by Teemu Hartikainen.
10:26 of 1st period - Stopped by Chet Pickard without a rebound.
10:27 of 1st period - Stefan Matteau wins face-off versus Sergey Kalinin in Mustangs zone.
10:32 of 1st period - Slapshot by Brady Skjei.
10:32 of 1st period - Deflect By Dougie Hamilton.
10:32 of 1st period - Stopped by Joonas Korpisalo with a rebound.
10:34 of 1st period - Snap shot by Jerome Samson.
10:34 of 1st period - Deflect By JT Compher.
10:34 of 1st period - Shot Blocked by Dougie Hamilton.
10:34 of 1st period - Puck is out of play.
10:35 of 1st period - Melker Karlsson wins face-off versus Teemu Hartikainen in Sasquatch zone.
10:36 of 1st period - Slapshot by Andrew Shaw.
10:36 of 1st period - Shot Misses the Net.
10:38 of 1st period - Slapshot by Brady Skjei.
10:38 of 1st period - Deflect By Sergey Kalinin.
10:38 of 1st period - Stopped by Joonas Korpisalo without a rebound.
10:39 of 1st period - Teuvo Teravainen wins face-off versus Drew Shore in Sasquatch zone.
10:54 of 1st period - Snap shot by Jesper Fast.
10:54 of 1st period - Shot Blocked by Derek Joslin.
11:13 of 1st period - Wrist shot by Teemu Hartikainen.
11:13 of 1st period - Stopped by Chet Pickard without a rebound.
11:14 of 1st period - Drew Shore wins face-off versus Jim O'Brien in Mustangs zone.
11:41 of 1st period - Petr Straka is hit by Teuvo Teravainen and loses puck.
12:10 of 1st period - Stefan Matteau is hit by Sergey Kalinin and loses puck.
12:31 of 1st period - Snap shot by Max Gortz.
12:31 of 1st period - Shot Blocked by Josh Morrissey.
13:23 of 1st period - Stefan Matteau is hit by Sergey Kalinin and loses puck.
13:32 of 1st period - Wrist shot by JT Compher.
13:32 of 1st period - Goal by JT Compher - Sasquatch : 0 - Mustangs : 2.
13:33 of 1st period - Drew Shore wins face-off versus Melker Karlsson in neutral zone.
13:40 of 1st period - Slapshot by Jesper Fast.
13:40 of 1st period - Stopped by Chet Pickard with a rebound.
13:42 of 1st period - Snap shot by Drew Shore.
13:42 of 1st period - Shot Blocked by Alexei Marchenko.
13:44 of 1st period - Snap shot by Ryan Dzingel.
13:44 of 1st period - Stopped by Chet Pickard without a rebound.
13:45 of 1st period - Drew Shore wins face-off versus Melker Karlsson in Mustangs zone.
14:12 of 1st period - Josh Jooris is hit by Teemu Hartikainen and loses puck.
14:34 of 1st period - Snap shot by Josh Jooris.
14:34 of 1st period - Shot Misses the Net.
14:40 of 1st period - Snap shot by Stefan Matteau.
14:40 of 1st period - Shot Blocked by Josh Morrissey.
15:24 of 1st period - Snap shot by Drew Shore.
15:24 of 1st period - Shot Misses the Net.
15:26 of 1st period - Snap shot by Jesper Fast.
15:26 of 1st period - Shot Misses the Net.
16:33 of 1st period - Snap shot by Jesper Fast.
16:33 of 1st period - Shot Misses the Net.
16:35 of 1st period - Minor Penalty to Ben Harpur for High sticking.
16:36 of 1st period - Drew Shore wins face-off versus Melker Karlsson in Mustangs zone.
16:37 of 1st period - Wrist shot by Ryan Dzingel.
16:37 of 1st period - Shot Misses the Net.
16:39 of 1st period - Snap shot by Drew Shore.
16:39 of 1st period - Stopped by Chet Pickard with a rebound.
17:06 of 1st period - Icing by Brock Trotter.
17:07 of 1st period - Devin Shore wins face-off versus Josh Jooris in Sasquatch zone.
17:12 of 1st period - Josh Jooris is hit by Patrick Wey.
17:24 of 1st period - Josh Jooris is hit by Drew Shore and loses puck.
17:41 of 1st period - Snap shot by Brock Trotter.
17:41 of 1st period - Deflect By Andrew Shaw.
17:41 of 1st period - Stopped by Chet Pickard with a rebound.
18:31 of 1st period - Andrew Shaw is hit by Matt Halischuk and loses puck.
18:35 of 1st period - Penalty to Ben Harpur is over, Ben Harpur is back on ice.
19:00 of 1st period - Minor Penalty to Dougie Hamilton for Holding.
19:01 of 1st period - Andrew Shaw wins face-off versus Nicolas Deslauriers in Sasquatch zone.
19:10 of 1st period - Wrist shot by Derek Joslin.
19:10 of 1st period - Stopped by Joonas Korpisalo with a rebound.
19:12 of 1st period - Slapshot by Derek Joslin.
19:12 of 1st period - Stopped by Joonas Korpisalo without a rebound.
19:13 of 1st period - Melker Karlsson wins face-off versus Nicolas Deslauriers in Sasquatch zone.
19:20 of 1st period - Slapshot by Brady Skjei.
19:20 of 1st period - Deflect By Drew Shore.
19:20 of 1st period - Stopped by Joonas Korpisalo with a rebound.
Goals for this period are 0 for Sasquatch vs 2 for Mustangs.
Shots for this period are 10 for Sasquatch vs 10 for Mustangs.
2nd period
0:01 of 2nd period - Drew Shore wins face-off versus Melker Karlsson in neutral zone.
0:34 of 2nd period - Snap shot by Josh Jooris.
0:34 of 2nd period - Deflect By Stefan Matteau.
0:34 of 2nd period - Deflect By Patrick Wey.
0:34 of 2nd period - Stopped by Joonas Korpisalo without a rebound.
0:35 of 2nd period - Stefan Matteau wins face-off versus Sergey Kalinin in Sasquatch zone.
1:00 of 2nd period - Penalty to Dougie Hamilton is over, Dougie Hamilton is back on ice.
1:00 of 2nd period - Snap shot by Teuvo Teravainen.
1:00 of 2nd period - Deflect By Melker Karlsson.
1:00 of 2nd period - Stopped by Joonas Korpisalo with a rebound.
1:02 of 2nd period - Snap shot by Melker Karlsson.
1:02 of 2nd period - Stopped by Joonas Korpisalo with a rebound.
1:04 of 2nd period - Slapshot by Andrew Shaw.
1:04 of 2nd period - Stopped by Joonas Korpisalo with a rebound.
1:06 of 2nd period - Slapshot by Alexei Marchenko.
1:06 of 2nd period - Stopped by Joonas Korpisalo with a rebound.
1:26 of 2nd period - Slapshot by Brady Skjei.
1:26 of 2nd period - Stopped by Joonas Korpisalo without a rebound.
1:27 of 2nd period - Sergey Kalinin wins face-off versus Jim O'Brien in Sasquatch zone.
1:27 of 2nd period - Sergey Kalinin is hit by Josh Jooris.
1:35 of 2nd period - Josh Jooris is hit by Sergey Kalinin and loses puck.
1:52 of 2nd period - Martin Marincin is hit by Stefan Matteau and loses puck.
2:07 of 2nd period - Snap shot by Teemu Hartikainen.
2:07 of 2nd period - Shot Misses the Net.
2:11 of 2nd period - Snap shot by Matt Halischuk.
2:11 of 2nd period - Stopped by Chet Pickard without a rebound.
2:12 of 2nd period - Melker Karlsson wins face-off versus Jesper Fast in Mustangs zone.
2:38 of 2nd period - Damon Severson is hit by Petr Straka and loses puck.
2:49 of 2nd period - Snap shot by Devin Shore.
2:49 of 2nd period - Shot Blocked by Alexei Marchenko.
3:03 of 2nd period - Stefan Matteau is hit by David Desharnais and loses puck.
3:16 of 2nd period - Snap shot by David Desharnais.
3:16 of 2nd period - Stopped by Chet Pickard without a rebound.
3:17 of 2nd period - Teuvo Teravainen wins face-off versus Drew Shore in Mustangs zone.
3:44 of 2nd period - Derek Joslin is hit by Teemu Hartikainen and loses puck.
3:54 of 2nd period - Minor Penalty to Matt Halischuk for Hooking.
3:55 of 2nd period - Melker Karlsson wins face-off versus Drew Shore in Sasquatch zone.
4:22 of 2nd period - Slapshot by Josh Jooris.
4:22 of 2nd period - Shot Blocked by Dougie Hamilton.
4:24 of 2nd period - Snap shot by Alexei Marchenko.
4:24 of 2nd period - Stopped by Joonas Korpisalo with a rebound.
4:26 of 2nd period - Snap shot by Stefan Matteau.
4:26 of 2nd period - Stopped by Joonas Korpisalo without a rebound.
4:27 of 2nd period - Stefan Matteau wins face-off versus Drew Shore in Sasquatch zone.
5:14 of 2nd period - Snap shot by Josh Jooris.
5:14 of 2nd period - Deflect By Joshua Leivo.
5:14 of 2nd period - Stopped by Joonas Korpisalo without a rebound.
5:15 of 2nd period - Teuvo Teravainen wins face-off versus Nicolas Deslauriers in Sasquatch zone.
5:54 of 2nd period - Penalty to Matt Halischuk is over, Matt Halischuk is back on ice.
6:09 of 2nd period - Snap shot by Brock Trotter.
6:09 of 2nd period - Shot Misses the Net.
6:11 of 2nd period - Slapshot by Devin Shore.
6:11 of 2nd period - Stopped by Chet Pickard with a rebound.
7:49 of 2nd period - Icing by Melker Karlsson.
7:50 of 2nd period - Melker Karlsson wins face-off versus David Desharnais in Mustangs zone.
8:03 of 2nd period - Slapshot by Nicolas Deslauriers.
8:03 of 2nd period - Stopped by Chet Pickard without a rebound.
8:04 of 2nd period - Melker Karlsson wins face-off versus Drew Shore in Mustangs zone.
8:20 of 2nd period - Minor Penalty to Drew Shore for Hooking.
8:21 of 2nd period - Petr Straka wins face-off versus Melker Karlsson in Sasquatch zone.
9:18 of 2nd period - Alexei Marchenko is hit by Martin Marincin and loses puck.
10:20 of 2nd period - Penalty to Drew Shore is over, Drew Shore is back on ice.
10:31 of 2nd period - Backhand shot by Curtis Hamilton.
10:31 of 2nd period - Deflect By Max Gortz.
10:31 of 2nd period - Shot Misses the Net.
10:31 of 2nd period - Puck is out of play.
10:32 of 2nd period - Michael McCarron wins face-off versus Drew Shore in Sasquatch zone.
10:59 of 2nd period - Teuvo Teravainen is hit by Matt Halischuk and loses puck.
11:45 of 2nd period - Derek Joslin is hit by Brock Trotter and loses puck.
11:54 of 2nd period - Brock Trotter is hit by Michael McCarron and loses puck.
12:01 of 2nd period - Wrist shot by Devin Shore.
12:01 of 2nd period - Shot Misses the Net.
12:03 of 2nd period - Snap shot by Petr Straka.
12:03 of 2nd period - Deflect By Devin Shore.
12:03 of 2nd period - Shot Misses the Net.
12:03 of 2nd period - Puck is out of play.
12:04 of 2nd period - Melker Karlsson wins face-off versus Drew Shore in Mustangs zone.
12:34 of 2nd period - Wrist shot by Matt Halischuk.
12:34 of 2nd period - Stopped by Chet Pickard without a rebound.
12:35 of 2nd period - Melker Karlsson wins face-off versus Matt Halischuk in Mustangs zone.
12:48 of 2nd period - Slapshot by Teuvo Teravainen.
12:48 of 2nd period - Shot Misses the Net.
12:50 of 2nd period - Slapshot by Teuvo Teravainen.
12:50 of 2nd period - Shot Misses the Net.
13:27 of 2nd period - Stefan Matteau is hit by Martin Marincin and loses puck.
13:49 of 2nd period - Wrist shot by Nicolas Deslauriers.
13:49 of 2nd period - Stopped by Chet Pickard without a rebound.
13:50 of 2nd period - Drew Shore wins face-off versus Melker Karlsson in Mustangs zone.
14:26 of 2nd period - Wrist shot by Teemu Hartikainen.
14:26 of 2nd period - Shot Blocked by Josh Jooris.
14:38 of 2nd period - Wrist shot by Brock Trotter.
14:38 of 2nd period - Shot Blocked by Stefan Matteau.
14:40 of 2nd period - Wrist shot by Petr Straka.
14:40 of 2nd period - Shot Blocked by JT Compher.
14:42 of 2nd period - Snap shot by Brock Trotter.
14:42 of 2nd period - Shot Misses the Net.
14:44 of 2nd period - Slapshot by Josh Morrissey.
14:44 of 2nd period - Stopped by Chet Pickard without a rebound.
14:45 of 2nd period - Drew Shore wins face-off versus Teuvo Teravainen in Mustangs zone.
14:52 of 2nd period - Wrist shot by Drew Shore.
14:52 of 2nd period - Stopped by Chet Pickard with a rebound.
14:58 of 2nd period - Snap shot by Melker Karlsson.
14:58 of 2nd period - Goal by Melker Karlsson - Sasquatch : 0 - Mustangs : 3.
14:59 of 2nd period - Melker Karlsson wins face-off versus Drew Shore in neutral zone.
15:04 of 2nd period - Snap shot by Melker Karlsson.
15:04 of 2nd period - Stopped by Joonas Korpisalo with a rebound.
15:06 of 2nd period - Snap shot by Andrew Shaw.
15:06 of 2nd period - Stopped by Joonas Korpisalo with a rebound.
15:08 of 2nd period - Slapshot by Derek Joslin.
15:08 of 2nd period - Stopped by Joonas Korpisalo without a rebound.
15:09 of 2nd period - Melker Karlsson wins face-off versus Drew Shore in Sasquatch zone.
15:12 of 2nd period - Slapshot by Teuvo Teravainen.
15:12 of 2nd period - Stopped by Joonas Korpisalo with a rebound.
15:14 of 2nd period - Slapshot by Teuvo Teravainen.
15:14 of 2nd period - Shot Misses the Net.
15:58 of 2nd period - Patrick Wey is hit by Melker Karlsson.
16:06 of 2nd period - Slapshot by Jesper Fast.
16:06 of 2nd period - Stopped by Chet Pickard without a rebound.
16:07 of 2nd period - Sergey Kalinin wins face-off versus Jim O'Brien in Mustangs zone.
16:08 of 2nd period - Snap shot by Teemu Hartikainen.
16:08 of 2nd period - Shot Misses the Net.
16:52 of 2nd period - Minor Penalty to Michael McCarron for Tripping.
16:53 of 2nd period - Drew Shore wins face-off versus Melker Karlsson in Mustangs zone.
16:58 of 2nd period - Wrist shot by Jesper Fast.
16:58 of 2nd period - Shot Misses the Net.
17:00 of 2nd period - Slapshot by Dougie Hamilton.
17:00 of 2nd period - Shot Misses the Net.
18:42 of 2nd period - Brock Trotter is hit by Andrew Shaw and loses puck.
18:52 of 2nd period - Penalty to Michael McCarron is over, Michael McCarron is back on ice.
19:13 of 2nd period - Snap shot by Stefan Matteau.
19:13 of 2nd period - Shot Misses the Net.
19:21 of 2nd period - Stefan Matteau is hit by Martin Marincin and loses puck.
19:32 of 2nd period - Slapshot by Damon Severson.
19:32 of 2nd period - Shot Blocked by Brett Pesce.
Goals for this period are 0 for Sasquatch vs 1 for Mustangs.
Shots for this period are 9 for Sasquatch vs 14 for Mustangs.
3rd period
0:01 of 3rd period - Drew Shore wins face-off versus Andrew Shaw in neutral zone.
0:14 of 3rd period - Slapshot by Dougie Hamilton.
0:14 of 3rd period - Shot Blocked by Derek Joslin.
0:16 of 3rd period - Snap shot by Ryan Dzingel.
0:16 of 3rd period - Stopped by Chet Pickard without a rebound.
0:17 of 3rd period - Jim O'Brien wins face-off versus Sergey Kalinin in Mustangs zone.
0:17 of 3rd period - Jim O'Brien is hit by Teemu Hartikainen.
1:13 of 3rd period - Snap shot by Petr Straka.
1:13 of 3rd period - Stopped by Chet Pickard with a rebound.
1:15 of 3rd period - Slapshot by Slava Voynov.
1:15 of 3rd period - Shot Misses the Net.
3:24 of 3rd period - David Desharnais is hit by Ben Harpur and loses puck.
3:57 of 3rd period - Petr Straka is hit by Jerome Samson and loses puck.
4:06 of 3rd period - Snap shot by Stefan Matteau.
4:06 of 3rd period - Stopped by Joonas Korpisalo with a rebound.
4:08 of 3rd period - Wrist shot by Jerome Samson.
4:08 of 3rd period - Shot Blocked by Brett Pesce.
4:18 of 3rd period - Curtis Hamilton is hit by Matt Halischuk and loses puck.
4:35 of 3rd period - Wrist shot by Drew Shore.
4:35 of 3rd period - Shot Misses the Net.
4:39 of 3rd period - Wrist shot by Drew Shore.
4:39 of 3rd period - Deflect By Ryan Dzingel.
4:39 of 3rd period - Shot Misses the Net.
4:39 of 3rd period - Puck is out of play.
4:40 of 3rd period - Melker Karlsson wins face-off versus Drew Shore in Mustangs zone.
4:59 of 3rd period - Derek Joslin is hit by Dougie Hamilton and loses puck.
5:06 of 3rd period - Andrew Shaw is hit by Drew Shore and loses puck.
5:29 of 3rd period - Wrist shot by Drew Shore.
5:29 of 3rd period - Shot Misses the Net.
5:31 of 3rd period - Slapshot by Dougie Hamilton.
5:31 of 3rd period - Stopped by Chet Pickard without a rebound.
5:32 of 3rd period - Jim O'Brien wins face-off versus Sergey Kalinin in Mustangs zone.
5:57 of 3rd period - Joshua Leivo is hit by Josh Morrissey and loses puck.
6:25 of 3rd period - Snap shot by Josh Jooris.
6:25 of 3rd period - Stopped by Joonas Korpisalo without a rebound.
6:26 of 3rd period - Devin Shore wins face-off versus Stefan Matteau in Sasquatch zone.
6:37 of 3rd period - Snap shot by Jerome Samson.
6:37 of 3rd period - Goal by Jerome Samson - Sasquatch : 0 - Mustangs : 4.
6:38 of 3rd period - Melker Karlsson wins face-off versus Drew Shore in neutral zone.
6:44 of 3rd period - Icing by Patrick Wey.
6:45 of 3rd period - Drew Shore wins face-off versus Andrew Shaw in Sasquatch zone.
7:17 of 3rd period - Slapshot by Josh Jooris.
7:17 of 3rd period - Shot Blocked by Dougie Hamilton.
7:19 of 3rd period - Wrist shot by Joshua Leivo.
7:19 of 3rd period - Shot Misses the Net.
7:43 of 3rd period - JT Compher is hit by Devin Shore and loses puck.
8:02 of 3rd period - Slapshot by Brady Skjei.
8:02 of 3rd period - Stopped by Joonas Korpisalo with a rebound.
8:04 of 3rd period - Snap shot by Michael McCarron.
8:04 of 3rd period - Shot Blocked by Martin Marincin.
8:36 of 3rd period - Snap shot by Matt Halischuk.
8:36 of 3rd period - Shot Misses the Net.
8:56 of 3rd period - Damon Severson is hit by Petr Straka and loses puck.
9:03 of 3rd period - Wrist shot by Petr Straka.
9:03 of 3rd period - Deflect By Brock Trotter.
9:03 of 3rd period - Shot Blocked by Alexei Marchenko.
9:03 of 3rd period - Puck is out of play.
9:04 of 3rd period - Melker Karlsson wins face-off versus Drew Shore in Mustangs zone.
9:15 of 3rd period - Snap shot by Dougie Hamilton.
9:15 of 3rd period - Shot Blocked by Dakota Mermis.
9:17 of 3rd period - Wrist shot by Dougie Hamilton.
9:17 of 3rd period - Shot Misses the Net.
9:19 of 3rd period - Snap shot by Jesper Fast.
9:19 of 3rd period - Shot Misses the Net.
9:39 of 3rd period - Snap shot by Josh Jooris.
9:39 of 3rd period - Shot Blocked by Sergey Kalinin.
9:45 of 3rd period - Joshua Leivo is hit by Matt Halischuk.
9:46 of 3rd period - Icing by Joshua Leivo.
9:47 of 3rd period - Jim O'Brien wins face-off versus Drew Shore in Mustangs zone.
10:03 of 3rd period - Wrist shot by Jim O'Brien.
10:03 of 3rd period - Shot Misses the Net.
10:43 of 3rd period - Snap shot by Matt Halischuk.
10:43 of 3rd period - Shot Blocked by Derek Joslin.
11:05 of 3rd period - Snap shot by Nicolas Deslauriers.
11:05 of 3rd period - Shot Misses the Net.
11:07 of 3rd period - Wrist shot by Nicolas Deslauriers.
11:07 of 3rd period - Shot Blocked by Curtis Hamilton.
11:09 of 3rd period - Wrist shot by David Desharnais.
11:09 of 3rd period - Stopped by Chet Pickard without a rebound.
11:10 of 3rd period - Melker Karlsson wins face-off versus Drew Shore in Mustangs zone.
11:17 of 3rd period - Wrist shot by Melker Karlsson.
11:17 of 3rd period - Shot Blocked by Dougie Hamilton.
11:19 of 3rd period - Slapshot by Alexei Marchenko.
11:19 of 3rd period - Stopped by Joonas Korpisalo without a rebound.
11:20 of 3rd period - Melker Karlsson wins face-off versus Drew Shore in Sasquatch zone.
11:29 of 3rd period - Snap shot by Teuvo Teravainen.
11:29 of 3rd period - Stopped by Joonas Korpisalo with a rebound.
11:31 of 3rd period - Wrist shot by Damon Severson.
11:31 of 3rd period - Stopped by Joonas Korpisalo without a rebound.
11:32 of 3rd period - Drew Shore wins face-off versus Melker Karlsson in Sasquatch zone.
11:43 of 3rd period - Snap shot by Teuvo Teravainen.
11:43 of 3rd period - Shot Misses the Net.
11:45 of 3rd period - Snap shot by Melker Karlsson.
11:45 of 3rd period - Stopped by Joonas Korpisalo without a rebound.
11:46 of 3rd period - Melker Karlsson wins face-off versus Sergey Kalinin in Sasquatch zone.
11:55 of 3rd period - Snap shot by Andrew Shaw.
11:55 of 3rd period - Stopped by Joonas Korpisalo without a rebound.
11:56 of 3rd period - Melker Karlsson wins face-off versus Sergey Kalinin in Sasquatch zone.
12:05 of 3rd period - Snap shot by Andrew Shaw.
12:05 of 3rd period - Stopped by Joonas Korpisalo without a rebound.
12:06 of 3rd period - Melker Karlsson wins face-off versus Drew Shore in Sasquatch zone.
12:11 of 3rd period - Snap shot by Brady Skjei.
12:11 of 3rd period - Stopped by Joonas Korpisalo with a rebound.
12:21 of 3rd period - Snap shot by Drew Shore.
12:21 of 3rd period - Shot Blocked by Derek Joslin.
12:27 of 3rd period - Minor Penalty to Melker Karlsson for Hooking.
12:28 of 3rd period - Drew Shore wins face-off versus Stefan Matteau in Mustangs zone.
12:29 of 3rd period - Wrist shot by Jesper Fast.
12:29 of 3rd period - Deflect By Drew Shore.
12:29 of 3rd period - Shot Misses the Net.
12:29 of 3rd period - Puck is out of play.
12:30 of 3rd period - Stefan Matteau wins face-off versus Drew Shore in Mustangs zone.
12:36 of 3rd period - Slapshot by Dougie Hamilton.
12:36 of 3rd period - Goal by Dougie Hamilton - Sasquatch : 1 - Mustangs : 4.
12:37 of 3rd period - Andrew Shaw wins face-off versus Drew Shore in neutral zone.
12:40 of 3rd period - Slapshot by Brady Skjei.
12:40 of 3rd period - Stopped by Joonas Korpisalo with a rebound.
13:49 of 3rd period - Backhand shot by David Desharnais.
13:49 of 3rd period - Shot Blocked by Max Gortz.
15:14 of 3rd period - Icing by Jesper Fast.
15:15 of 3rd period - Drew Shore wins face-off versus Melker Karlsson in Sasquatch zone.
15:23 of 3rd period - Snap shot by Matt Halischuk.
15:23 of 3rd period - Stopped by Chet Pickard with a rebound.
15:25 of 3rd period - Wrist shot by Brett Pesce.
15:25 of 3rd period - Stopped by Chet Pickard without a rebound.
15:26 of 3rd period - Melker Karlsson wins face-off versus Drew Shore in Mustangs zone.
16:21 of 3rd period - Slapshot by Brady Skjei.
16:21 of 3rd period - Shot Misses the Net.
16:52 of 3rd period - Nicolas Deslauriers is hit by Andrew Shaw and loses puck.
17:11 of 3rd period - Wrist shot by Jim O'Brien.
17:11 of 3rd period - Shot Misses the Net.
17:36 of 3rd period - Drew Shore is hit by Stefan Matteau and loses puck.
17:47 of 3rd period - Minor Penalty to Stefan Matteau for High sticking.
17:48 of 3rd period - Melker Karlsson wins face-off versus Drew Shore in Mustangs zone.
18:13 of 3rd period - Derek Joslin is hit by Dougie Hamilton and loses puck.
18:20 of 3rd period - Slapshot by Matt Halischuk.
18:20 of 3rd period - Stopped by Chet Pickard with a rebound.
19:47 of 3rd period - Penalty to Stefan Matteau is over, Stefan Matteau is back on ice.
19:51 of 3rd period - Icing by Nicolas Deslauriers.
19:52 of 3rd period - Sergey Kalinin wins face-off versus Stefan Matteau in Sasquatch zone.
Goals for this period are 1 for Sasquatch vs 1 for Mustangs.
Shots for this period are 8 for Sasquatch vs 12 for Mustangs.
Back to the Top